 Dungeon Crawl Stone Soup version 0.25-a0-566-g062765be81 (webtiles) character file.

Game seed: 10049522277155619085, levelgen mode: deterministic

1607 Emblim88 the Covert (level 8, -1/39 HPs)
             Began as a Spriggan Monk on Feb 27, 2020.
             Was a Priest of Zin.
             Slain by a hippogriff (8 damage)
             ... on level 6 of the Dungeon.
             The game lasted 00:21:44 (10433 turns).

Emblim88 the Covert (Spriggan Monk)                Turns: 10433, Time: 00:21:44

Health: -1/39      AC:  2    Str:  7    XL:     8   Next: 63%
Magic:  14/14      EV: 20    Int: 11    God:    Zin [***...]
Gold:   51         SH:  0    Dex: 21    Spells: 7/7 levels left

rFire    . . .     SeeInvis +   D - +1 short sword (venom)
rCold    + . .     Gourm    .   (shield restricted)
rNeg     + . .     Faith    .   b - +0 robe
rPois    .         Spirit   .   (helmet restricted)
rElec    .         Reflect  .   (no cloak)
rCorr    .         Harm     .   (gloves unavailable)
MR       +....                  (boots unavailable)
Stlth    +++++.....             (no amulet)
HPRegen  0.13/turn              g - ring of protection from cold
MPRegen  0.14/turn              v - ring of positive energy

@: very quick
A: very small, unfitting armour, see invisible, herbivore, speed 3, slow
metabolism 2
a: Recite, Vitalisation, Imprison, Donate Gold, Renounce Religion


You were on level 6 of the Dungeon.
You worshipped Zin.
Zin was most pleased with you.
You were very hungry.

You visited 1 branch of the dungeon, and saw 6 of its levels.

You collected 251 gold pieces.
You spent 175 gold pieces at shops.
You donated 25 gold pieces to Zin.

Inventory:

Hand Weapons
 l - a +0 dagger
 o - a +0 hunting sling
 D - a +1 short sword of venom (weapon)
Missiles
 p - 231 stones (quivered)
 A - 31 sling bullets
Armour
 b - a +0 robe (worn)
Jewellery
 g - a ring of protection from cold (left hand)
 m - an uncursed ring of protection from fire
 v - a ring of positive energy (right hand)
Wands
 f - a wand of paralysis (7)
Scrolls
 a - a scroll of immolation {unknown}
 e - 2 scrolls of amnesia
 h - a scroll of torment {unknown}
 k - 3 scrolls of blinking
 q - 7 scrolls of remove curse
 r - 2 scrolls of fog
 s - a scroll of noise {unknown}
 t - 2 scrolls of enchant armour
 u - 7 scrolls of teleportation
 y - a scroll of enchant weapon
 B - 2 scrolls of fear
Potions
 d - 2 potions of stabbing
 j - a potion of degeneration
 n - 2 potions of might
 w - 3 potions of haste
 x - 2 potions of flight {unknown}
 z - 3 potions of curing
Comestibles
 c - 12 rations


   Skills:
 - Level 2.4 Fighting
 - Level 3.2 Short Blades
 - Level 3.6(4.6) Slings
 + Level 3.5(4.1) Throwing
 - Level 4.4 Dodging
 + Level 10.5 Stealth
 * Level 7.0 Invocations


You had 7 spell levels left.
You didn't know any spells.
Your spell library contained the following spells:

 Spells                   Type           Power        Failure   Level  Hunger
 Animate Skeleton         Necr           N/A          34%         1    ##.....
 Apportation              Tloc           #.....       34%         1    ##.....
 Corona                   Hex            #......      34%         1    ##.....
 Summon Small Mammal      Summ           #...         34%         1    ##.....
 Call Imp                 Summ           #.......     47%         2    ###....
 Call Canine Familiar     Summ           #.......     71%         3    ####...
 Summon Guardian Golem    Hex/Summ       #.......     71%         3    ####...
 Summon Ice Beast         Ice/Summ       #.......     98%         4    #####..
 Summon Lightning Spire   Summ/Air       #.......     98%         4    #####..


Dungeon Overview and Level Annotations

Branches:
Dungeon (6/15)             Temple (0/1) D:6

Altars:
Cheibriados
Elyvilon
Hepliaklqana
Uskayaw
Xom
Zin

Shops:
D:6 ?%


Innate Abilities, Weirdness & Mutations

You are very small and have problems with some larger weapons.
You are too small for most types of armour.
You have supernaturally acute eyesight. (SInv)
You are a herbivore.
You cover ground extremely quickly.
You need to consume almost no food.


Message History

The hippogriff pecks you.
* * * LOW HITPOINT WARNING * * *
The hippogriff completely misses you.
There is a stone staircase leading up here.
You climb upwards.
There is a stone staircase leading down here.
You start resting.
You start resting.
HP restored.
You climb downwards.
The hippogriff closely misses you. The hippogriff pecks you.
The hippogriff claws you! The hippogriff closely misses you.
The hippogriff pecks you.
The hippogriff claws you but does no damage.
There is a stone staircase leading up here.
You hit the hippogriff.
The hippogriff is poisoned.
The hippogriff is lightly wounded.
The shadow imp hits you. The hippogriff bites you! The hippogriff pecks you.
* * * LOW HITPOINT WARNING * * *
The hippogriff claws you!
You die...

##. #.# #.. #.# #. # #.#
#.# .. .# #.# #.# .# ..
#.# #.# .# #.
#######.#####.#####.###.
#........Y....Z.5Z#.##.∩
#.#####.#####.###.(....<
#.####.@# #.# ##..(...
#..#..5H# #(# #.#.(..
#..#.#.# #(# ##.#(...
##..∩..# #.# #....###
#.#.### #(# #....###
#<.Z## #(# #(......
#...># #Z# #....##.
#.##.# #5# #.(..###
#.##)######.# ######


You could see a hippogriff and a shadow imp.

Vanquished Creatures
  2 ice beasts
  A black bear (D:4)
  3 ogres
  A centaur (D:5)
  2 bullfrogs
  A scorpion (D:4)
  2 howler monkeys (D:4)
  5 crimson imps
  A bullfrog zombie (D:5)
  2 bullfrog skeletons (D:5)
  A jelly (D:6)
  A gnoll shaman (D:5)
  4 orc wizards
  A worker ant (D:6)
  A hound skeleton (D:5)
  A hound zombie (D:5)
  4 gnolls (D:5)
  10 adders
  5 oozes
  A worm (D:2)
  4 dart slugs
  6 leopard geckos
  10 orcs
  3 bats
  12 hobgoblins
  11 jackals
  2 quokkas
  3 frilled lizards
  8 goblins
  5 kobolds
  A quokka skeleton (D:4)
  18 rats
132 creatures vanquished.

Notes
Turn   | Place    | Note
-------+----------+-------------------------------------------
     0 | D:1      | Emblim88 the Spriggan Monk began the quest for the Orb.
     0 | D:1      | Reached XP level 1. HP: 11/11 MP: 2/2
   247 | D:1      | Reached skill level 4 in Stealth
   247 | D:1      | Reached XP level 2. HP: 16/16 MP: 3/3
   805 | D:1      | Reached skill level 5 in Stealth
  1015 | D:2      | Reached XP level 3. HP: 4/19 MP: 4/4
  1568 | D:2      | Reached skill level 6 in Stealth
  1780 | D:2      | Found a hide-covered altar of Uskayaw.
  1780 | D:2      | Found a hazy altar of Hepliaklqana.
  1781 | D:2      | Found a shimmering altar of Xom.
  1837 | D:2      | Reached XP level 4. HP: 23/23 MP: 5/5
  1846 | D:2      | Found a snail-covered altar of Cheibriados.
  1958 | D:2      | Reached skill level 7 in Stealth
  2219 | D:2      | Found a glowing silver altar of Zin.
  2228 | D:2      | Became a worshipper of Zin the Law-Giver
  2228 | D:2      | Reached * piety under Zin
  2228 | D:2      | Reached ** piety under Zin
  2701 | D:2      | Reached skill level 1 in Invocations
  2981 | D:3      | Reached skill level 1 in Slings
  3247 | D:3      | Reached XP level 5. HP: 27/27 MP: 7/7
  3608 | D:4      | Reached XP level 6. HP: 17/32 MP: 7/9
  4045 | D:4      | Reached skill level 8 in Stealth
  4327 | D:4      | HP: 1/32 [ogre/+0 giant spiked club (19)]
  4742 | D:4      | HP: 1/32 [poisoned by an orc]
  4975 | D:4      | Reached XP level 7. HP: 33/35 MP: 11/11
  5239 | D:4      | Found a white marble altar of Elyvilon.
  5418 | D:4      | Reached skill level 9 in Stealth
  5555 | D:5      | Entered Level 5 of the Dungeon
  5983 | D:5      | Reached skill level 1 in Throwing
  5985 | D:5      | Reached *** piety under Zin
  6350 | D:5      | Reached skill level 5 in Invocations
  7783 | D:4      | Reached XP level 8. HP: 17/39 MP: 13/13
  9056 | D:5      | Reached skill level 10 in Stealth
  9215 | D:6      | Found Onest's Magic Scroll Emporium.
  9260 | D:6      | Bought a scroll of teleportation for 39 gold pieces
  9260 | D:6      | Bought a scroll of fog for 26 gold pieces
  9260 | D:6      | Bought a scroll of fear for 45 gold pieces
  9260 | D:6      | Bought a scroll of teleportation for 39 gold pieces
  9260 | D:6      | Bought a scroll of identify for 26 gold pieces
  9283 | D:6      | Found a staircase to the Ecumenical Temple.
  9321 | D:6      | Found Neolirar's Food Shop.
  9690 | D:6      | Noticed a hippogriff
 10433 | D:6      | Slain by a hippogriff

Levels and vault maps discovered:
D:1:      dpeg_arrival_ratfight, layout_loops_corners
D:2:      layout_loops_corners, zin_treasury, kennysheep_slug_shrine,
          chequers_temple_overflow_statue_of_worship
D:3:      layout_loops_ring
D:4:      black_bear_nest_2, layout_rooms, nicolae_overflow_crystal_walls,
          enter_ossuary_5
D:5:      layout_rooms, first_ration, chequers_big_river
D:6:      layout_rooms, minmay_temple_entry_trees, serial_shops, shop, shop,
          nicolae_shop_crystal, kennysheep_mini_moat, kennysheep_mini,
          uniq_grinder

Skill      XL: |  1  2  3  4  5  6  7  8 |
---------------+-------------------------+-----
Stealth        | 4 5 6 7 8 9 10 | 10.5
Invocations    | 1 2 4 5 7 |  7.0
Slings         | 1 2 3 |  3.6
Throwing       | 2 3 |  3.5
Fighting       | |  2.4
Short Blades   | |  3.2
Dodging        | |  4.4

Action                   |  1- 3 |  4- 6 |  7- 9 || total
-------------------------+-------+-------+-------++-------
Melee: Short sword       |    54 |    62 |   159 ||   275
       Dagger            |    48 |    71 |    91 ||   210
 Fire: Hunting sling     |    36 |   139 |    96 ||   271
Throw: Dart              |    21 |    51 |    83 ||   155
       Stone             |       |    21 |    33 ||    54
Invok: Recite            |       |     8 |    14 ||    22
       Vitalisation      |       |       |     2 ||     2
  Use: Potion            |       |     1 |       ||     1
       Scroll            |       |       |    10 ||    10
 Stab: Sleeping          |     8 |     6 |     5 ||    19
       Confused          |       |     1 |     2 ||     3
       Distracted        |       |       |     2 ||     2
       Invisible         |       |       |     2 ||     2
  Eat: Ration            |       |     1 |     2 ||     3
Armor: Robe              |     7 |    10 |    26 ||    43
Dodge: Dodged            |    72 |   185 |   302 ||   559

Table legend:
 A = Non-vault XP
 B = Vault XP
 C = Vault XP percentage of total XP
 D = Non-vault monster count
 E = Vault monster count
 F = Vault count percentage of total count
                 A         B        C        D         E       F
            +---------+---------+-------+---------+---------+-------
      Total |    2160 |     137 |   6.0 |     125 |       7 |   5.3
            +---------+---------+-------+---------+---------+-------
        D:1 |      25 |       5 |  16.7 |      17 |       5 |  22.7
        D:2 |     104 |       4 |   3.7 |      34 |       1 |   2.9
        D:3 |      66 |       0 |   0.0 |      13 |       0 |   0.0
        D:4 |     758 |     128 |  14.4 |      24 |       1 |   4.0
        D:5 |     801 |       0 |   0.0 |      26 |       0 |   0.0
        D:6 |     406 |       0 |   0.0 |      11 |       0 |   0.0
            +---------+---------+-------+---------+---------+-------
